AoeStats
← GAX | Karecote

Black Forest

509920387Analyzed
2v2 RM · 4d ago on Sep 28, 2026· 39m 28s· 4 players
Game mode
Random Map
Map size
Medium (4 player)
Population
200
Speed
Normal
Resources
Standard
Victory
Conquest
Starting age
Dark Age
Ending age
Imperial Age
RankedLock teamsTeams togetherTeam positionsShared explorationLock speedFull tech treeHidden civsTurbo modeCheats
Victory
Defeat
🇨🇿 Poles · Czechia
1827
+12
🇨🇿 Britons · Czechia
1827
+12
🇺🇸 Ethiopians · United States
1804
-14
🇧🇷 Mapuche · Brazil
1676
-10
FYI Inc
0:38 Loom
12:18 Feudal Age
14:44 Town Watch
17:26 Castle Age
15:31 Double-Bit Axe
16:59 Horse Collar
17:10 Fishing Lines
18:25 Bow Saw
22:18 Fletching
24:31 Gillnets
25:56 Wheelbarrow
25:38 Stone Mining
29:32 Imperial Age
27:13 Gold Mining
27:33 Bodkin Arrow
27:27 Crossbowman
28:33 Hand Cart
28:32 Padded Archer Armor
29:02 Thumb Ring
29:53 Leather Archer Armor
30:33 Ballistics
30:14 Bracer
30:03 Arbalester
33:00 Chemistry
33:23 Ring Archer Armor
33:29 Elite Skirmisher
36:16 Forging
36:07 Scale Mail Armor
36:08 Squires
36:50 Conscription
38:24 Chain Mail Armor
39:46 Siege Engineers
GAX | Karecote
0:53 Loom
12:12 Feudal Age
16:17 Castle Age
15:10 Double-Bit Axe
17:24 Bow Saw
23:59 Town Watch
28:20 Fletching
31:17 Gold Mining
31:08 Horse Collar
31:57 Bodkin Arrow
33:39 Wheelbarrow
36:17 Imperial Age
35:47 Padded Archer Armor
36:38 Elite Bolas Rider
Nasup
0:55 Loom
9:57 Feudal Age
10:07 Man-at-Arms
19:57 Castle Age
18:22 Double-Bit Axe
18:53 Fishing Lines
22:05 Bow Saw
21:59 Fletching
24:50 Horse Collar
27:17 Gillnets
28:19 Crossbowman
28:55 Bodkin Arrow
33:12 Imperial Age
31:59 Padded Archer Armor
31:20 Elite Skirmisher
32:28 Ballistics
34:18 Conscription
34:03 Bracer
33:54 Gold Mining
35:20 Chemistry
34:31 Masonry
35:14 Yeomen
37:05 Leather Archer Armor
37:17 Conscription
37:20 Elite Longbowman
38:35 Ring Archer Armor
39:42 Scale Mail Armor
39:53 Forging
Skull
1:19 Loom
11:51 Feudal Age
17:04 Castle Age
14:51 Double-Bit Axe
17:55 Bow Saw
18:06 Horse Collar
23:17 Fishing Lines
27:32 Imperial Age
24:59 Gillnets
25:33 Scale Barding Armor
26:40 Bloodlines
26:51 Chain Barding Armor
27:23 Gold Mining
28:37 Devotion
31:35 Wheelbarrow
30:46 Town Watch
30:22 Capped Ram
31:03 Cavalier
31:43 Husbandry
33:41 Chemistry
32:55 Szlachta Privileges
33:04 Forging
34:42 Conscription
33:44 Siege Ram
35:54 Fletching
38:48 Hand Cart
40:02 Hoardings
40:06 Iron Casting
39:52 Siege Engineers
Connection lost

Rejoining the realm…

Still unreachable

The connection could not be restored.

Session expired

The server has moved on; the page needs a fresh start.